 Dungeon Crawl Stone Soup version 0.31.0-9-g3a7656b989 (webtiles) character file.

Game seed: 13964691309447748530

121 qw the Ducker (level 4, -2/23 HPs)
             Began as a Spriggan Hunter on Feb 2, 2024.
             Slain by Terence
             ... wielding a +0 flail
              (9 damage)
             ... on level 3 of the Dungeon.
             The game lasted 00:00:07 (1913 turns).

qw the Ducker (Spriggan Hunter)                     Turns: 1913, Time: 00:00:08

Health: -2/23      AC:  2    Str:  7    XL:     4   Next: 77%
Magic:  5/5        EV: 20    Int: 10    God:
Gold:   191        SH:  0    Dex: 20    Spells: 3/3 levels left

rFire   . . .        a - +0 shortbow
rCold   . . .        (shield currently unavailable)
rNeg    . . .        c - +0 robe
rPois   .            (helmet restricted)
rElec   .            (no cloak)
rCorr   .            (gloves unavailable)
SInv    +            (boots unavailable)
Will    .....        (no amulet)
Stlth   ++           (no ring)
HPRegen 0.23/turn    (no ring)
MPRegen 0.09/turn

%: no passive effects
@: very quick
A: very small, no large weapons, unfitting armour, see invisible, speed 3
a: no special abilities


You were on level 3 of the Dungeon.
You visited 1 branch of the dungeon, and saw 3 of its levels.

You collected 191 gold pieces.


Innate Abilities, Weirdness & Mutations

You are very small and have problems with some larger weapons.
You are too small for most types of armour.
You have supernaturally acute eyesight. (SInv)
You cover ground extremely quickly. (Speed+++)


   Skills:
 + Level 1.8 Fighting
 - Level 5.0 Ranged Weapons
 - Level 5.2 Dodging
 - Level 1.5 Stealth


You had 3 spell levels left.
You didn't know any spells.
Your spell library was empty.

Inventory:

Hand Weapons
 a - a +0 shortbow (weapon)
Armour
 c - a +0 robe (worn)
 f - a +2 robe of fire resistance
Scrolls
 b - a scroll of poison {unknown}
 i - a scroll of torment {unknown}
 j - a scroll of identify
Potions
 d - 3 potions of curing
 e - a potion of cancellation {unknown}
 g - a potion of enlightenment
 h - a potion of haste

Dungeon Overview and Level Annotations

Branches:
Dungeon (3/15)

Altars:
The Shining One

Shops:
D:3 (

Annotations:
D:3 Terence


Message History

The arrow hits Terence but does no damage.
You shoot an arrow. The arrow hits Terence.
Terence is lightly wounded.
You shoot an arrow. The arrow hits Terence.
Terence is moderately wounded.
You shoot an arrow.
The arrow hits Terence but does no damage.
Terence is moderately wounded.
You shoot an arrow.
The arrow hits Terence but does no damage.
Terence is moderately wounded.
You shoot an arrow.
The arrow hits Terence but does no damage.
Terence is moderately wounded.
Terence hits you with a +0 flail.
You shoot an arrow. The arrow barely misses Terence.
Terence completely misses you.
You shoot an arrow. The arrow barely misses Terence.
Terence completely misses you.
You shoot an arrow. The arrow hits Terence.
Terence is heavily wounded.
Terence misses you. Terence hits you with a +0 flail!
Ouch! That really hurt!
You shoot an arrow.
The arrow hits Terence but does no damage.
Terence is heavily wounded.
Terence closely misses you.
You shoot an arrow.
The arrow hits Terence but does no damage.
Terence is heavily wounded.
Terence closely misses you.
You shoot an arrow. The arrow closely misses Terence.
Terence barely misses you.
You shoot an arrow. The arrow hits Terence.
Terence is heavily wounded.
Terence completely misses you.
You shoot an arrow. The arrow barely misses Terence.
Terence hits you with a +0 flail!
You die...
Terence says, "That felt goooood."

#.# #........##.#..
#.# #.#####........
#.# #.# #..##.#.. #.#
#.# #........ #.# #.#
#.###.#.. #.#
##.#####.###[##. #.#
.............##.
#.###.###.......####.
#...@.....#####.# ..
#####@##..# #.# ##
... #:# ##... #.# ###
...# #.# #.. ?..$
......# ... #. ... #


You could see Terence.

Vanquished Creatures
  Jessica (D:3)
  Robin (D:3)
  2 adders
  An orc (D:3)
  3 bats
  An endoplasm (D:1)
  2 giant cockroaches
  11 goblins
  4 hobgoblins
  4 jackals (D:1)
  8 quokkas
  5 ball pythons
  4 frilled lizards
  5 kobolds
  8 rats
60 creatures vanquished.

Notes
Turn   | Place    | Note
-------+----------+-------------------------------------------
     0 | D:1      | qw the Spriggan Hunter began the quest for the Orb.
     0 | D:1      | Reached XP level 1. HP: 10/10 MP: 2/2
     0 | D:1      | 0 ||| qw: Version: 0.3-a-155-g5e7d8dd
     0 | D:1      | 0 ||| qw: Game counter: 2348
     0 | D:1      | 0 ||| qw: Melee chars always use a shield: true
     0 | D:1      | 0 ||| qw: God list: Okawaru
     0 | D:1      | 0 ||| qw: Allow faded altars: false
     0 | D:1      | 0 ||| qw: Do Orc after clearing Dungeon:15 true
     0 | D:1      | 0 ||| qw: Do second Lair branch before Depths: true
     0 | D:1      | 0 ||| qw: Lair rune preference: random
     0 | D:1      | 0 ||| qw: Goals: Normal
     0 | D:1      | 0 ||| PLANNING D:1-11
    44 | D:1      | Reached skill level 3 in Dodging
    79 | D:1      | Reached XP level 2. HP: 14/14 MP: 3/3
   468 | D:1      | Reached XP level 3. HP: 18/18 MP: 4/4
   537 | D:1      | 537 ||| READING scroll labelled JAPTUV YBUAPT.
   538 | D:1      | 538 ||| READING scroll labelled NOZXIRGHU FABO.
   538 | D:1      | 538 ||| IDENTIFYING murky blue potion
   539 | D:1      | 539 ||| DROPPING scroll of butterflies.
   540 | D:1      | 540 ||| DROPPING potion of ambrosia.
   586 | D:2      | Found a glowing golden altar of the Shining One.
  1328 | D:2      | 1328 ||| READING 2 scrolls of identify.
  1328 | D:2      | 1328 ||| IDENTIFYING emerald potion
  1329 | D:2      | 1329 ||| READING scroll of identify.
  1329 | D:2      | 1329 ||| IDENTIFYING sapphire potion
  1330 | D:2      | 1330 ||| DRINKING 3 fizzy inky potions.
  1331 | D:2      | 1331 ||| DRINKING 2 fuming golden potions.
  1332 | D:2      | 1332 ||| DRINKING 2 coppery potions.
  1333 | D:2      | 1333 ||| DROPPING potion of berserk rage.
  1334 | D:2      | 1334 ||| DROPPING potion of brilliance.
  1335 | D:2      | 1335 ||| DROPPING potion of invisibility.
  1399 | D:3      | Noticed Robin
  1406 | D:3      | Killed Robin
  1407 | D:3      | Reached XP level 4. HP: 22/22 MP: 5/5
  1411 | D:3      | 1411 ||| FLEEEEING.
  1412 | D:3      | 1412 ||| FLEEEEING.
  1413 | D:3      | 1413 ||| FLEEEEING.
  1414 | D:3      | 1414 ||| FLEEEEING.
  1415 | D:3      | 1415 ||| FLEEEEING.
  1416 | D:3      | 1416 ||| FLEEEEING.
  1419 | D:3      | 1419 ||| FLEEEEING.
  1420 | D:3      | 1420 ||| FLEEEEING.
  1421 | D:3      | 1421 ||| FLEEEEING.
  1422 | D:3      | 1422 ||| FLEEEEING.
  1423 | D:3      | 1423 ||| FLEEEEING.
  1425 | D:3      | 1425 ||| FLEEEEING.
  1426 | D:3      | 1426 ||| FLEEEEING.
  1427 | D:3      | 1427 ||| FLEEEEING.
  1429 | D:3      | 1429 ||| STAIRDANCE
  1444 | D:2      | 1444 ||| READING scroll of identify.
  1444 | D:2      | 1444 ||| IDENTIFYING puce potion
  1559 | D:3      | Identified the +8 whip "Etolumol" {freeze, rN+ Str-2 Int+3}
  1570 | D:3      | Found a faded altar of an unknown god.
  1583 | D:3      | Noticed Jessica
  1586 | D:3      | Killed Jessica
  1615 | D:3      | Found Zeargha Keth's Weapon Shoppe.
  1899 | D:3      | Noticed Terence
  1913 | D:3      | Slain by Terence

Levels and vault maps discovered:
D:1:      dpeg_arrival_tiny_b, layout_rooms
D:2:      layout_basic, basic_altar, minmay_liquid_box, kennysheep_donut,
          serial_bayou_lagoon_b
D:3:      layout_loops_ring, hellmonk_ecumenical_altar_arch_garden,
          serial_shops, nicolae_shop_bloodbath_and_beyond, uniq_terence,
          uniq_ijyb, uniq_robin, uniq_jessica

Skill      XL: |  1  2  3  4 |
---------------+-------------+-----
Dodging        | 3 4 5 |  5.2
Ranged Weapons | 5 |  5.0
Fighting       | |  1.8
Stealth        | |  1.5

Action                     |  1- 3 |  4- 6 || total
---------------------------+-------+-------++-------
   Fire: Shortbow          |   125 |    50 ||   175
    Use: Scroll            |     4 |     1 ||     5
         Potion            |     3 |       ||     3
 Armour: Robe              |     6 |     7 ||    13
  Dodge: Dodged            |    28 |    17 ||    45

Table legend:
 A = Non-vault XP
 B = Vault XP
 C = Vault XP percentage of total XP
 D = Non-vault monster count
 E = Vault monster count
 F = Vault count percentage of total count
                 A         B        C        D         E       F
            +---------+---------+-------+---------+---------+-------
      Total |     101 |      73 |  42.0 |      48 |      12 |  20.0
            +---------+---------+-------+---------+---------+-------
        D:1 |      41 |       0 |   0.0 |      24 |       0 |   0.0
        D:2 |      36 |       0 |   0.0 |      15 |       0 |   0.0
        D:3 |      24 |      73 |  75.3 |       9 |      12 |  57.1
            +---------+---------+-------+---------+---------+-------
